 Dungeon Crawl Stone Soup version 0.29-a0-919-gd064cfad1c (webtiles) character file.

Game seed: 13804605583824666817

26 frimble the Magician (level 2, -2/19 HPs)
             Began as a Demonspawn Hedge Wizard on July 27, 2022.
             Succumbed to a scorpion's poison
             ... on level 4 of the Dungeon.
             The game lasted 00:02:55 (1897 turns).

frimble the Magician (Demonspawn Hedge Wizard)      Turns: 1897, Time: 00:02:56

Health: -2/19      AC:  4    Str: 10    XL:     2   Next: 89%
Magic:  3/6        EV: 14    Int: 15    God:
Gold:   105        SH:  0    Dex: 12    Spells: 6/7 levels left

rFire   . . .      SeeInvis .   a - +0 dagger
rCold   + . .      Faith    .   (no shield)
rNeg    . . .      Spirit   .   f - +0 robe {rC+}
rPois   .          Reflect  .   c - +1 hat
rElec   .          Harm     .   (no cloak)
rCorr   .          Rampage  .   (no gloves)
Will    .....                   m - +0 pair of boots
Stlth   ++........              (no amulet)
HPRegen 0.06/turn               (no ring)
MPRegen 0.10/turn               (no ring)

@: lethally poisoned (-2 -> -16)
A: repulsion field 1
a: no special abilities


You were on level 4 of the Dungeon.
You visited 1 branch of the dungeon, and saw 4 of its levels.

You collected 105 gold pieces.

Inventory:

Hand Weapons
 a - a +0 dagger (weapon)
Armour
 c - a +1 hat (worn)
 f - a +0 robe of cold resistance (worn)
 m - a +0 pair of boots (worn)
Scrolls
 l - a scroll of fog
Potions
 e - a potion of lignification {unknown}
 h - a potion of curing {unknown}
 i - a potion of brilliance {unknown}
 j - a potion of flight {unknown}


   Skills:
 + Level 1.4 Short Blades
 - Level 1.8 Dodging
 - Level 1.7 Stealth
 - Level 3.0 Spellcasting
 + Level 2.1 Conjurations
 - Level 1.0 Summonings
 - Level 0.8 Translocations


You had 6 spell levels left.
You knew the following spells:

 Your Spells              Type           Power      Damage    Failure   Level
a - Magic Dart            Conj           32%        1d4       9%          1

Your spell library contained the following spells:

 Spells                   Type           Power      Damage    Failure   Level
 Slow                     Hex            8%         N/A       21%         1
 Call Imp                 Summ           5%         N/A       21%         2
 Blink                    Tloc           8%         N/A       22%         2
 Conjure Flame            Conj/Fire      5%         6-21      36%         3
 Mephitic Cloud           Conj/Pois/Air  4%         N/A       41%         3
 Inner Flame              Hex/Fire       2%         N/A       52%         3
 Cause Fear               Hex            1%         N/A       89%         4
 Discord                  Hex            1%         N/A       100%        8


Dungeon Overview and Level Annotations

Branches:
Dungeon (4/15)
 Temple: D:4-7

Altars:

Shops:
D:2 :


Innate Abilities, Weirdness & Mutations

You are surrounded by a mild repulsion field. (EV +2)


Message History

The scorpion stings you but does no damage.
Magic courses through your body. The orc hits you with a +0 club.
The scorpion closely misses you.
Aiming: Magic Dart (safe; 9% risk of failure)
Press: ? - help, Q - select action Shift-Dir - straight line, f/p - scorpion
Aim: a scorpion (moderately wounded, 100% to hit)
The magic dart hits the scorpion but does no damage.
The scorpion is moderately wounded.
The scorpion stings you but does no damage.
The orc hits you but does no damage.
Aiming: Magic Dart (safe; 9% risk of failure)
Press: ? - help, Q - select action Shift-Dir - straight line, f/p - scorpion
Aim: a scorpion (moderately wounded, 100% to hit)
The magic dart hits the scorpion.
The scorpion is heavily wounded.
The scorpion stings you.
You are lethally poisoned!
The scorpion poisons you! The orc barely misses you.
The scorpion closely misses you.
Aiming: Magic Dart (safe; 9% risk of failure)
Press: ? - help, Q - select action Shift-Dir - straight line, f/p - scorpion
Aim: a scorpion (heavily wounded, 100% to hit)
The magic dart hits the scorpion but does no damage.
The scorpion is heavily wounded.
You feel very sick. The orc completely misses you. The scorpion stings you.
* * * LOW HITPOINT WARNING * * *
You are more poisoned.
The scorpion poisons you!
Aiming: Magic Dart (safe; 9% risk of failure)
Press: ? - help, Q - select action Shift-Dir - straight line, f/p - scorpion
Aim: a scorpion (heavily wounded, 100% to hit)
The magic dart hits the scorpion but does no damage.
The scorpion is heavily wounded.
* * * LOW HITPOINT WARNING * * *
You feel very sick. The orc misses you. The scorpion barely misses you.
It was a potion of cancellation.
You feel magically purged.
Your magical contamination has completely faded away.
You die...

## . ## .#
#..#####.#
##.....s..#####
.......@o......
.#.###.##.####.
## #


You could see a scorpion and an orc.

Vanquished Creatures
  A dart slug (D:1)
  7 endoplasms
  A giant cockroach (D:1)
  2 hobgoblins
  2 ball pythons (D:1)
  6 bats
  A frilled lizard (D:1)
  2 kobolds (D:1)
22 creatures vanquished.

Notes
Turn   | Place    | Note
-------+----------+-------------------------------------------
     0 | D:1      | frimble the Demonspawn Hedge Wizard began the quest for the
                  | Orb.
     0 | D:1      | Reached XP level 1. HP: 13/13 MP: 4/4
    93 | D:1      | Found a faded altar of an unknown god.
   629 | D:1      | Gained mutation: You are surrounded by a mild repulsion
                  | field. (EV +2) [demonic ancestry]
   629 | D:1      | Reached XP level 2. HP: 19/19 MP: 6/6
   775 | D:1      | Reached skill level 1 in Short Blades
  1075 | D:2      | Found Eforul's Book Shop.
  1888 | D:4      | Noticed a scorpion
  1897 | D:4      | Succumbed to a scorpion's poison

Illustrated notes

Levels and vault maps discovered:
D:1:      dpeg_arrival_radiant, layout_basic, basic_ecumenical_altar,
          minmay_3d_cube
D:2:      layout_basic, serial_shops, shop, solitary_fountain,
          minmay_randomly_rotated_circles
D:3:      layout_rooms, mainiacjoe_overflow_tiny_flanked,
          nicolae_ru_sacrificial_ziggurat, serial_shops, shop
D:4:      minmay_razor_zed, layout_loops_ring, serial_demonic, serial_demonic_b,
          serial_demonic_a, serial_demonic_d, serial_demonic_a,
          serial_demonic_c, serial_demonic_c, serial_demonic_f, minivault_24,
          uniq_natasha, uniq_grinder, uniq_sigmund, uniq_robin

Skill      XL: |  1  2 |
---------------+-------+-----
Short Blades   | 1 |  1.4
Conjurations   | 2 |  2.1
Dodging        | |  1.8
Stealth        | |  1.7
Spellcasting   | |  3.0
Summonings     | |  1.0
Translocations | |  0.8

Action                   || total
-------------------------++-------
Melee: Dagger            ||    54
       Punch             ||     2
 Cast: Magic Dart        ||    39
  Use: Scroll            ||     3
       Potion            ||     2
 Stab: Sleeping          ||     3
Armor: Robe              ||    22
Dodge: Dodged            ||    69

Table legend: (Time is in decaauts)
 A = Elapsed time spent in this place.
 B = Non-inter-level travel time spent in this place.
 C = Inter-level travel time spent in this place.
 D = Time resting spent in this place.
 E = Time spent auto-exploring this place.
 F = Levels seen in this place.
 G = Mean time per level.
                   A        B        C        D        E       F      G
               +--------+--------+--------+--------+--------+-----+--------+
         Total |   1895 |   1715 |    180 |     27 |   1407 |   4 |  473.8 |
       Dungeon |   1895 |   1715 |    180 |     27 |   1407 |   4 |  473.8 |
               +--------+--------+--------+--------+--------+-----+--------+

Top non-repeatable levels by time:
     D:1: 1440 daAuts
     D:2: 415 daAuts
     D:3: 31 daAuts
     D:4: 8 daAuts
